| TOP OF THE 1ST |
|
Cleveland (APP) Indians batting - Pitching for Pulaski Yankees : RHP Ben Cunningham
|
|
Pitching: RHP Ben Cunningham
|
|
|
Batting: RHB John Clark
|
0-0: Called Strike 0-1: Ball 1-1: Called Strike 1-2: Ball 2-2: Ball 3-2: Base on Balls
|
|
Batting: RHB Jesus Montana
|
0-0: Ball 1-0: Hit by Pitch John Clark to second
|
|
Batting: RHB Justin Teague
|
0-0: Called Strike 0-1: Ball 1-1: Ball 2-1: Fly out, F4 (Popup, 13, EV 81.2 MPH)
|
|
Batting: RHB Nick Gossman
|
0-0: Ball 1-0: Foul Ball, location: 2F 1-1: Ball 2-1: Swinging Strike 2-2: Foul Ball, location: 2F 2-2: Ball 3-2: DOUBLE (Flyball, 89D, EV 110.0 MPH) John Clark scores Jesus Montana to third
|
|
Batting: RHB Joe Shade
|
0-0: Ball 1-0: Ball 2-0: Ground out 4-3 (Groundball, 4, EV 86.2 MPH) Jesus Montana scores Nick Gossman to third
|
|
Batting: RHB Bill Ortiz
|
0-0: Ball 1-0: Ball 2-0: Ball 3-0: Called Strike 3-1: Foul Ball, location: 2F 3-2: Foul Ball, location: 2F 3-2: Base on Balls
|
|
Batting: RHB Carlos Manriquez
|
0-0: Ball 1-0: Ball 2-0: Called Strike 2-1: Reached on error, E5 (Groundball, 56, EV 86.2 MPH) Nick Gossman scores Bill Ortiz to second
|
|
Batting: RHB Aaron Stout
|
0-0: Ball 1-0: Fly out, F8 (Flyball, 89D, EV 104.4 MPH)
|
| Top of the 1st over - 3 runs, 1 hit, 1 error, 2 left on base; Cleveland (APP) 3 - Pulaski 0 |
| BOTTOM OF THE 1ST |
|
Pulaski Yankees batting - Pitching for Cleveland (APP) Indians : RHP Jose Argueta
|
|
Pitching: RHP Jose Argueta
|
|
|
Batting: RHB Jonathan Iniguez
|
0-0: Ball 1-0: Bunt missed! 1-1: Ball 2-1: Called Strike 2-2: Ball 3-2: Foul Ball, location: 2F 3-2: Foul Ball, location: 2F 3-2: Foul Ball, location: 2F 3-2: Base on Balls
|
|
Batting: SHB Corey Penson
|
0-0: Swinging Strike 0-1: Ball Wild Pitch! Jonathan Iniguez to second 1-1: Hit by Pitch
|
|
Batting: LHB Steve LeGrand
|
0-0: Called Strike Jonathan Iniguez steals 3rd, throwing error, E2 Jonathan Iniguez scores Corey Penson to third 0-1: Foul Ball, location: 2F 0-2: Ball 1-2: Hit by Pitch
|
|
Batting: RHB Gonçalo Burhil
|
0-0: Ball 1-0: Fly out, F8 (Flyball, 8RD, EV 103.1 MPH)
|
|
Batting: RHB David Durr
|
0-0: Called Strike 0-1: Swinging Strike 0-2: Ball 1-2: Strikes out swinging
|
|
Batting: LHB Jared Zulkowski
|
0-0: Ball 1-0: Ball 2-0: Ball 3-0: Called Strike 3-1: Fly out, F7 (Flyball, 78D, EV 99.4 MPH)
|
| Bottom of the 1st over - 1 run, 0 hits, 1 error, 2 left on base; Cleveland (APP) 3 - Pulaski 1 |
| TOP OF THE 2ND |
|
Cleveland (APP) Indians batting - Pitching for Pulaski Yankees : RHP Ben Cunningham
|
|
Batting: RHB Jonathan Livingston
|
0-0: Called Strike 0-1: Ball 1-1: Ball 2-1: Swinging Strike 2-2: Ground out 6-3 (Groundball, 6M, EV 82.5 MPH)
|
|
Batting: RHB John Clark
|
0-0: Called Strike 0-1: SOLO HOME RUN (Flyball, 7D, EV 96.9 MPH), Distance : 367 ft
|
|
Batting: RHB Jesus Montana
|
0-0: Ball 1-0: Ball 2-0: Ball 3-0: Base on Balls
|
|
Batting: RHB Justin Teague
|
0-0: Ball Jesus Montana steals 2nd base 1-0: Foul Ball, location: 2F 1-1: Called Strike 1-2: Ball 2-2: Ground out 6-3 (Groundball, 6, EV 86.2 MPH) Jesus Montana to third
|
|
Batting: RHB Nick Gossman
|
0-0: Ball 1-0: Ball 2-0: Foul Ball, location: 2F 2-1: Swinging Strike 2-2: Strikes out swinging
|
| Top of the 2nd over - 1 run, 1 hit, 0 errors, 1 left on base; Cleveland (APP) 4 - Pulaski 1 |
| BOTTOM OF THE 2ND |
|
Pulaski Yankees batting - Pitching for Cleveland (APP) Indians : RHP Jose Argueta
|
|
Batting: LHB Sergio Huerta
|
0-0: Called Strike 0-1: SINGLE (Groundball, 6D, EV 101.9 MPH)
|
|
Batting: LHB Matt Cusatis
|
0-0: Ball 1-0: Ball 2-0: SINGLE (Groundball, 4MD, EV 107.5 MPH) Sergio Huerta to second
|
|
Batting: LHB Loo Lei
|
0-0: Bunted foul 0-1: Bunt missed! 0-2: Bunted foul, Strikeout!
|
|
Batting: RHB Jonathan Iniguez
|
0-0: Ball 1-0: Foul Ball, location: 2F 1-1: Swinging Strike 1-2: Ball 2-2: Strikes out swinging
|
|
Batting: SHB Corey Penson
|
0-0: Called Strike 0-1: Swinging Strike 0-2: Strikes out swinging
|
| Bottom of the 2nd over - 0 runs, 2 hits, 0 errors, 2 left on base; Cleveland (APP) 4 - Pulaski 1 |
| TOP OF THE 3RD |
|
Cleveland (APP) Indians batting - Pitching for Pulaski Yankees : RHP Ben Cunningham
|
|
Batting: RHB Joe Shade
|
0-0: Ball 1-0: Foul Ball, location: 2F 1-1: Ground out 4-3 (Groundball, 34, EV 87.5 MPH)
|
|
Batting: RHB Bill Ortiz
|
0-0: Ball 1-0: Foul Ball, location: 2F 1-1: Ball 2-1: Foul Ball, location: 2F 2-2: Ball 3-2: Foul Ball, location: 2F 3-2: Base on Balls
|
|
Pitching: RHP Jon Campbell
|
|
|
Batting: RHB Carlos Manriquez
|
0-0: Ball 1-0: Ball Pickoff Throw to First - Out! 1-3 2-0: Called Strike 2-1: Ball 3-1: Base on Balls
|
|
Batting: RHB Aaron Stout
|
0-0: Ball 1-0: Foul Ball, location: 2F 1-1: Ground out 5-3 (Groundball, 56S, EV 83.1 MPH)
|
| Top of the 3rd over - 0 runs, 0 hits, 0 errors, 1 left on base; Cleveland (APP) 4 - Pulaski 1 |
| BOTTOM OF THE 3RD |
|
Pulaski Yankees batting - Pitching for Cleveland (APP) Indians : RHP Jose Argueta
|
|
Batting: LHB Steve LeGrand
|
0-0: Called Strike 0-1: Foul Ball, location: 2F 0-2: SINGLE (Groundball, 4MD, EV 83.8 MPH) (infield hit)
|
|
Batting: RHB Gonçalo Burhil
|
0-0: Ball Wild Pitch! Steve LeGrand to second 1-0: Called Strike 1-1: Ball 2-1: Ball Passed Ball! Steve LeGrand to third 3-1: Base on Balls
|
|
Batting: RHB David Durr
|
0-0: Grounds into double play, 6-4-3 (Groundball, 6, EV 111.9 MPH) Steve LeGrand scores
|
|
Batting: LHB Jared Zulkowski
|
0-0: Foul Ball, location: 2F 0-1: Foul Ball, location: 2F 0-2: Foul Ball, location: 2F 0-2: Foul Ball, location: 2F 0-2: Ball 1-2: Foul Ball, location: 2F 1-2: Ball 2-2: Ball 3-2: Fly out, F7 (Flyball, 7, EV 93.8 MPH)
|
| Bottom of the 3rd over - 1 run, 1 hit, 0 errors, 0 left on base; Cleveland (APP) 4 - Pulaski 2 |
| TOP OF THE 4TH |
|
Cleveland (APP) Indians batting - Pitching for Pulaski Yankees : RHP Jon Campbell
|
|
Batting: RHB Jonathan Livingston
|
0-0: Ball 1-0: SINGLE (Groundball, 6MD, EV 103.8 MPH)
|
|
Batting: RHB John Clark
|
0-0: Called Strike 0-1: Ball Pickoff Play to 1st, Runner tries for 2nd, OUT after rundown. 1-1: Ball 2-1: Ball 3-1: Base on Balls
|
|
Batting: RHB Jesus Montana
|
0-0: Ball 1-0: Ball 2-0: Called Strike 2-1: Foul Ball, location: 2F 2-2: Strikes out swinging
|
|
Batting: RHB Justin Teague
|
0-0: Ball 1-0: Foul Ball, location: 2F 1-1: SINGLE (Flyball, 34D, EV 88.1 MPH) John Clark to second Runner from 2nd tries for 3rd, SAFE, throw by RF made to third
|
|
Batting: RHB Nick Gossman
|
0-0: Called Strike 0-1: Foul Ball, location: 2F 0-2: Strikes out swinging
|
| Top of the 4th over - 0 runs, 2 hits, 0 errors, 2 left on base; Cleveland (APP) 4 - Pulaski 2 |
| BOTTOM OF THE 4TH |
|
Pulaski Yankees batting - Pitching for Cleveland (APP) Indians : RHP Jose Argueta
|
|
Pitching: RHP Luke Burnham
|
|
|
Batting: LHB Sergio Huerta
|
0-0: Called Strike 0-1: Ball 1-1: Ball 2-1: Foul Ball, location: 2F 2-2: Strikes out swinging
|
|
Batting: LHB Matt Cusatis
|
0-0: Ball 1-0: Ground out 6-3 (Groundball, 6, EV 85.6 MPH)
|
|
Batting: LHB Loo Lei
|
0-0: Called Strike 0-1: SINGLE (Groundball, 4MD, EV 102.5 MPH)
|
|
Batting: RHB Jonathan Iniguez
|
0-0: Ball Wild Pitch! Loo Lei to second 1-0: Ball 2-0: Ball 3-0: Swinging Strike Passed Ball! Loo Lei to third 3-1: Swinging Strike 3-2: Strikes out swinging
|
| Bottom of the 4th over - 0 runs, 1 hit, 0 errors, 1 left on base; Cleveland (APP) 4 - Pulaski 2 |
| TOP OF THE 5TH |
|
Cleveland (APP) Indians batting - Pitching for Pulaski Yankees : RHP Jon Campbell
|
|
Batting: RHB Joe Shade
|
0-0: Swinging Strike 0-1: Foul Ball, location: 2F 0-2: Strikes out swinging
|
|
Batting: RHB Bill Ortiz
|
0-0: Ball 1-0: Ball 2-0: Ball 3-0: Base on Balls
|
|
Batting: RHB Carlos Manriquez
|
0-0: Ball 1-0: Foul Ball, location: 2F 1-1: Foul Ball, location: 2F 1-2: Ball 2-2: Foul Ball, location: 2F 2-2: Ball 3-2: Foul Ball, location: 2F 3-2: Fly out, F7 (Flyball, 7, EV 80.0 MPH)
|
|
Batting: RHB Aaron Stout
|
0-0: Ball 1-0: Foul Ball, location: 2F 1-1: Ball 2-1: Ball Wild Pitch! Bill Ortiz to second 3-1: Foul Ball, location: 2F 3-2: Strikes out swinging
|
| Top of the 5th over - 0 runs, 0 hits, 0 errors, 1 left on base; Cleveland (APP) 4 - Pulaski 2 |
| BOTTOM OF THE 5TH |
|
Pulaski Yankees batting - Pitching for Cleveland (APP) Indians : RHP Luke Burnham
|
|
Batting: SHB Corey Penson
|
0-0: SINGLE (Line Drive, 8RS, EV 105.6 MPH)
|
|
Batting: LHB Steve LeGrand
|
0-0: Foul Ball, location: 2F 0-1: Ball 1-1: Swinging Strike 1-2: Ball 2-2: Ball 3-2: Foul Ball, location: 2F 3-2: Foul Ball, location: 2F 3-2: Base on Balls Corey Penson to second
|
|
Batting: RHB Gonçalo Burhil
|
0-0: Ball 1-0: Fly out, F7 (Flyball, 7S, EV 88.1 MPH)
|
|
Batting: RHB David Durr
|
0-0: Ball 1-0: Fly out, F9 (Flyball, 89M, EV 96.2 MPH)
|
|
Batting: LHB Jared Zulkowski
|
0-0: SINGLE (Line Drive, 56D, EV 98.1 MPH) Corey Penson to third Steve LeGrand to second Runner from 3rd tries for Home, SAFE, throw by LF to home
|
|
Batting: LHB Sergio Huerta
|
0-0: 3-RUN HOME RUN (Line Drive, 89XD, EV 104.4 MPH), Distance : 414 ft
|
|
Batting: LHB Matt Cusatis
|
0-0: Ball 1-0: Swinging Strike 1-1: Foul Ball, location: 2F 1-2: Ball 2-2: Foul Ball, location: 2F 2-2: SINGLE (Groundball, 34D, EV 95.6 MPH)
|
|
Batting: LHB Loo Lei
|
0-0: Ground out U3 (Groundball, 3, EV 86.2 MPH)
|
| Bottom of the 5th over - 4 runs, 4 hits, 0 errors, 1 left on base; Cleveland (APP) 4 - Pulaski 6 |
| TOP OF THE 6TH |
|
Cleveland (APP) Indians batting - Pitching for Pulaski Yankees : RHP Jon Campbell
|
|
Batting: RHB Jonathan Livingston
|
0-0: Ball 1-0: Foul Ball, location: 2F 1-1: Ball 2-1: Foul Ball, location: 2F 2-2: Ball 3-2: DOUBLE (Line Drive, 7LM, EV 93.1 MPH)
|
|
Batting: RHB John Clark
|
0-0: SINGLE (Groundball, 25, EV 64.4 MPH) (infield hit) Jonathan Livingston to third
|
|
Pinch Runner at 1st Kevin Trull:
|
|
|
Batting: RHB Jesus Montana
|
0-0: Called Strike 0-1: Ball 1-1: Foul Ball, location: 2F 1-2: Ball 2-2: Ball 3-2: Base on Balls Kevin Trull to second
|
|
Batting: RHB Justin Teague
|
0-0: Ball 1-0: Ball 2-0: Ball 3-0: Base on Balls Jonathan Livingston scores Kevin Trull to third Jesus Montana to second
|
|
Pitching: LHP Jessie Neal
|
|
|
Batting: RHB Nick Gossman
|
0-0: Called Strike 0-1: Foul Ball, location: 2F 0-2: Strikes out looking
|
|
Batting: RHB Joe Shade
|
0-0: Ball 1-0: GRAND SLAM HOME RUN (Flyball, 9D, EV 96.9 MPH), Distance : 378 ft
|
|
Batting: RHB Bill Ortiz
|
0-0: Swinging Strike 0-1: Ball 1-1: Foul Ball, location: 2F 1-2: SINGLE (Line Drive, 8RS, EV 101.9 MPH)
|
|
Batting: RHB Carlos Manriquez
|
0-0: Ball 1-0: SINGLE (Groundball, 34S, EV 73.1 MPH) (infield hit) Bill Ortiz to second
|
|
Batting: RHB Aaron Stout
|
0-0: Ball 1-0: Ball 2-0: Ball 3-0: Called Strike 3-1: Called Strike 3-2: Base on Balls Bill Ortiz to third Carlos Manriquez to second
|
|
Batting: RHB Jonathan Livingston
|
0-0: Called Strike 0-1: Foul Ball, location: 2F 0-2: Fly out, F8 (Flyball, 78D, EV 84.4 MPH) Runner from 3rd tags up, SCORES, throw by CF Carlos Manriquez to third
|
|
Batting: RHB Kevin Trull
|
0-0: Called Strike 0-1: Ball 1-1: Ball Aaron Stout steals 2nd base 2-1: Ball 3-1: Base on Balls
|
|
Batting: RHB Jesus Montana
|
0-0: Called Strike 0-1: Foul Ball, location: 2F 0-2: Ball 1-2: Ball 2-2: Ball 3-2: Foul Ball, location: 2F 3-2: Strikes out swinging
|
| Top of the 6th over - 6 runs, 5 hits, 0 errors, 3 left on base; Cleveland (APP) 10 - Pulaski 6 |
| BOTTOM OF THE 6TH |
|
Pulaski Yankees batting - Pitching for Cleveland (APP) Indians : RHP Luke Burnham
|
|
Now at 2B: Santiago Chavira
|
|
|
Batting: RHB Jonathan Iniguez
|
0-0: Called Strike 0-1: Ground out U3 (Groundball, 3, EV 88.1 MPH)
|
|
Batting: SHB Corey Penson
|
0-0: Called Strike 0-1: Ball 1-1: Ball 2-1: SINGLE (Groundball, 34D, EV 108.1 MPH)
|
|
Batting: LHB Steve LeGrand
|
0-0: Called Strike 0-1: SINGLE (Groundball, 56S, EV 65.6 MPH) (infield hit) Corey Penson to second
|
|
Batting: RHB Gonçalo Burhil
|
0-0: Foul Ball, location: 2F 0-1: Called Strike 0-2: Ball 1-2: Strikes out swinging
|
|
Batting: RHB David Durr
|
0-0: Ball 1-0: Foul Ball, location: 2F 1-1: SINGLE (Groundball, 56D, EV 95.6 MPH) Corey Penson to third Steve LeGrand to second Runner from 3rd tries for Home, throw by LF and OUT! 7-2
|
| Bottom of the 6th over - 0 runs, 3 hits, 0 errors, 2 left on base; Cleveland (APP) 10 - Pulaski 6 |
| TOP OF THE 7TH |
|
Cleveland (APP) Indians batting - Pitching for Pulaski Yankees : LHP Jessie Neal
|
|
Batting: RHB Justin Teague
|
0-0: Ball 1-0: Called Strike 1-1: Ball 2-1: Foul Ball, location: 2F 2-2: Ball 3-2: Base on Balls
|
|
Batting: RHB Nick Gossman
|
0-0: Ball 1-0: Swinging Strike 1-1: Swinging Strike 1-2: Ball 2-2: Foul Ball, location: 2F 2-2: Ball 3-2: Foul Ball, location: 2F 3-2: Base on Balls Justin Teague to second
|
|
Batting: RHB Joe Shade
|
0-0: Called Strike 0-1: Grounds into double play, 4-6-3 (Groundball, 4, EV 80.0 MPH) Justin Teague to third
|
|
Batting: RHB Bill Ortiz
|
0-0: Called Strike 0-1: Ball 1-1: Ball 2-1: Ball 3-1: Foul Ball, location: 2F 3-2: 2-RUN HOME RUN (Line Drive, 7D, EV 99.4 MPH), Distance : 378 ft
|
|
Batting: RHB Carlos Manriquez
|
0-0: Ball 1-0: Called Strike 1-1: Swinging Strike 1-2: Foul Ball, location: 2F 1-2: DOUBLE (Line Drive, 5D, EV 103.1 MPH)
|
|
Batting: RHB Aaron Stout
|
0-0: Swinging Strike 0-1: Ball 1-1: Foul Ball, location: 2F 1-2: Ball 2-2: Foul Ball, location: 2F 2-2: Strikes out looking
|
| Top of the 7th over - 2 runs, 2 hits, 0 errors, 1 left on base; Cleveland (APP) 12 - Pulaski 6 |
| BOTTOM OF THE 7TH |
|
Pulaski Yankees batting - Pitching for Cleveland (APP) Indians : RHP Luke Burnham
|
|
Batting: LHB Jared Zulkowski
|
0-0: Ball 1-0: SINGLE (Flyball, 4D, EV 89.4 MPH)
|
|
Batting: LHB Sergio Huerta
|
0-0: Bunt missed! 0-1: Bunt missed! 0-2: Ball 1-2: Bunt missed, Strikeout!
|
|
Batting: LHB Matt Cusatis
|
0-0: Bunt missed! 0-1: Bunt missed! 0-2: Bunted foul, Strikeout!
|
|
Pitching: RHP Tsega Haida
|
|
|
Batting: LHB Loo Lei
|
0-0: Ball 1-0: Called Strike 1-1: Called Strike 1-2: Ball 2-2: Ground out 4-3 (Groundball, 4, EV 82.5 MPH)
|
| Bottom of the 7th over - 0 runs, 1 hit, 0 errors, 1 left on base; Cleveland (APP) 12 - Pulaski 6 |
| TOP OF THE 8TH |
|
Cleveland (APP) Indians batting - Pitching for Pulaski Yankees : LHP Jessie Neal
|
|
Pitching: LHP Dustin Shaw
|
|
|
Batting: RHB Jonathan Livingston
|
0-0: Ball 1-0: Ball 2-0: Called Strike 2-1: Foul Ball, location: 2F 2-2: Foul Ball, location: 2F 2-2: Strikes out swinging
|
|
Batting: LHB Santiago Chavira
|
0-0: Ball 1-0: Fly out, F7 (Flyball, 7LD, EV 85.6 MPH)
|
|
Batting: RHB Jesus Montana
|
0-0: Called Strike 0-1: Ball 1-1: TRIPLE (Flyball, 78XD, EV 106.2 MPH)
|
|
Batting: RHB Justin Teague
|
0-0: Called Strike 0-1: Foul Ball, location: 2F 0-2: Ball 1-2: Foul Ball, location: 2F 1-2: Strikes out swinging
|
| Top of the 8th over - 0 runs, 1 hit, 0 errors, 1 left on base; Cleveland (APP) 12 - Pulaski 6 |
| BOTTOM OF THE 8TH |
|
Pulaski Yankees batting - Pitching for Cleveland (APP) Indians : RHP Tsega Haida
|
|
Batting: RHB Jonathan Iniguez
|
0-0: Called Strike 0-1: Called Strike 0-2: Ground out 4-3 (Groundball, 4, EV 81.9 MPH)
|
|
Batting: SHB Corey Penson
|
0-0: Ball 1-0: Called Strike 1-1: Called Strike 1-2: Strikes out swinging
|
|
Batting: LHB Steve LeGrand
|
0-0: Ball 1-0: Called Strike 1-1: Ball 2-1: Fly out, F9 (Flyball, 9, EV 89.4 MPH)
|
| Bottom of the 8th over - 0 runs, 0 hits, 0 errors, 0 left on base; Cleveland (APP) 12 - Pulaski 6 |
| TOP OF THE 9TH |
|
Cleveland (APP) Indians batting - Pitching for Pulaski Yankees : LHP Dustin Shaw
|
|
Batting: RHB Nick Gossman
|
0-0: Ball 1-0: Swinging Strike 1-1: DOUBLE (Line Drive, 89D, EV 108.8 MPH)
|
|
Batting: RHB Joe Shade
|
0-0: Ground out U3 (Groundball, 34S, EV 90.0 MPH) Nick Gossman to third
|
|
Batting: RHB Bill Ortiz
|
0-0: Ball 1-0: Ball 2-0: Ball 3-0: Base on Balls
|
|
Batting: RHB Carlos Manriquez
|
0-0: Ball Wild Pitch! Nick Gossman scores Bill Ortiz to second 1-0: Ball 2-0: Ball 3-0: Base on Balls
|
|
Batting: RHB Aaron Stout
|
0-0: Ball 1-0: Ball 2-0: Called Strike 2-1: Swinging Strike 2-2: Fielders Choice at 2nd, 6-4 (Groundball, 6, EV 107.5 MPH) Bill Ortiz to third
|
|
Batting: RHB Jonathan Livingston
|
0-0: 3-RUN HOME RUN (Flyball, 7D, EV 96.9 MPH), Distance : 369 ft
|
|
Pitching: RHP Eric Patrick
|
|
|
Batting: LHB Santiago Chavira
|
0-0: Called Strike 0-1: Fly out, F8 (Line Drive, 8RD, EV 85.6 MPH)
|
| Top of the 9th over - 4 runs, 2 hits, 0 errors, 0 left on base; Cleveland (APP) 16 - Pulaski 6 |
| BOTTOM OF THE 9TH |
|
Pulaski Yankees batting - Pitching for Cleveland (APP) Indians : RHP Tsega Haida
|
|
Batting: RHB Gonçalo Burhil
|
0-0: Ball 1-0: Fly out, F9 (Flyball, 9D, EV 101.9 MPH)
|
|
Batting: RHB David Durr
|
0-0: Called Strike 0-1: Ball 1-1: Ball 2-1: Ball 3-1: Fly out, F8 (Flyball, 8LD, EV 89.4 MPH)
|
|
Batting: LHB Jared Zulkowski
|
0-0: Called Strike 0-1: Called Strike 0-2: Ball 1-2: Fly out, F8 (Flyball, 8LM, EV 86.9 MPH)
|
| Bottom of the 9th over - 0 runs, 0 hits, 0 errors, 0 left on base; Cleveland (APP) 16 - Pulaski 6 |
|